 Dungeon Crawl Stone Soup version 0.20.1-1-g8b1a95d (webtiles) character file.

767 equalderp2856 the Chopper (level 7, -2/53 HPs)
             Began as a Mummy Fighter on Oct 28, 2017.
             Killed from afar by an orc wizard (9 damage)
             ... with a puff of frost
             ... on level 5 of the Dungeon.
             The game lasted 00:09:45 (5303 turns).

equalderp2856 the Chopper (Mummy Fighter)           Turns: 5303, Time: 00:09:46

Health: -2/53      AC: 12    Str: 19    XL:     7   Next: 52%
Magic:  11/11      EV:  5    Int: 10    God:
Gold:   150        SH: 10    Dex: 11    Spells: 12/12 levels left

rFire    . . .     SeeInvis .   a - +0 war axe
rCold    . . .     Gourm    .   c - +1 shield
rNeg     + + +     Faith    .   h - +0 chain mail
rPois    ∞         Spirit   .   j - +0 helmet
rElec    .         Reflect  .   (no cloak)
rCorr    .         Harm     +   (no gloves)
MR       .....                  (no boots)
Stlth    ..........             r - amulet of harm (curse)
Regen    0.2/turn               q - +2 ring of protection
MPRegen  0.2/turn               i - ring of fire (curse)

@: no status effects
A: no food or potions, fire vulnerability, cold resistance 1, negative energy
resistance 3, torment resistance, unbreathing
a: no special abilities


You were on level 5 of the Dungeon.
You were not hungry.

You visited 1 branch of the dungeon, and saw 5 of its levels.
You also visited: Sewer.

You collected 150 gold pieces.

Inventory:

Hand Weapons
 a - a +0 war axe (weapon)
Armour
 b - a +0 scale mail
 c - a +1 shield (worn)
 h - a +0 chain mail (worn)
 j - a +0 helmet (worn)
Jewellery
 d - an uncursed ring of wizardry
 i - a cursed ring of fire (right hand)
 p - an uncursed amulet of magic regeneration
 q - a +2 ring of protection (left hand)
 r - a cursed amulet of harm (around neck)
Scrolls
 e - 3 scrolls of identify
 f - a scroll of magic mapping
 k - 2 scrolls of remove curse
Books
 g - a book of Cantrips

   Spells                             Type                      Level
   a - Confusing Touch                Hexes                        1
   b - Animate Skeleton               Necromancy                   1
   c - Summon Small Mammal            Summoning                    1
   d - Apportation                    Translocation                1


   Skills:
 + Level 3.8 Fighting
 * Level 5.0 Axes
 + Level 3.8 Armour
 + Level 1.0 Dodging
 + Level 3.2 Shields
 * Level 3.0 Spellcasting


You had 12 spell levels left.
You didn't know any spells.

Dungeon Overview and Level Annotations

Branches:
Dungeon (5/15)             Temple (0/1) D:4

Altars:
Elyvilon


Innate Abilities, Weirdness & Mutations

You do not eat or drink.
Your flesh is vulnerable to fire.
You are immune to poison.
Your flesh is cold resistant. (rC+)
You are immune to negative energy. (rN+++)
You are immune to unholy pain and torment.
You can survive without breathing.


Message History

You block something's attack.
You closely miss the orc. You closely miss something.
You hear some strange, mumbled words.
A magic dart appears from out of thin air!
The magic dart hits you!
* * * LOW HITPOINT WARNING * * *
The orc barely misses you. Something hits you but does no damage.
Your chain mail prevents you from hitting the orc.
You closely miss something. Something hits you but does no damage.
You block the orc's attack. Something hits you but does no damage.
Unknown command.
As you read the scroll of fear, it crumbles to dust.
You assume a fearsome visage.
The howler monkey skeleton is unaffected.
The orc looks frightened!
The hippogriff looks frightened!
Unknown command.
You hear some strange, mumbled words.
A puff of frost appears from out of thin air!
The puff of frost hits you!
You die...

#######
##########.......
#.$.H.Z{)@.o.#
#..#########.#
#..# #.s# #..#
#.o# #Z.#
########..## ###
...Z...H...### ##
..##


You could see a hippogriff (fleeing), an orc (fleeing) and a howler monkey
skeleton.

Vanquished Creatures
  Sigmund (D:2)
  4 scorpions
  A hound (D:5)
  3 orc priests
  A worker ant (D:4)
  An orc wizard (D:3)
  Robin (D:3)
  2 gnolls
  8 adders
  An ooze (D:2)
  A worm (D:2)
  4 dart slugs
  A leopard gecko (D:3)
  12 orcs
  4 giant cockroaches
  20 goblins
  14 hobgoblins
  6 jackals
  2 quokkas
  10 bats
  4 frilled lizards
  12 kobolds
  13 rats
126 creatures vanquished.

Notes
Turn   | Place    | Note
-------+----------+-------------------------------------------
     0 | D:1      | equalderp2856 the Mummy Fighter began the quest for the Orb.
     0 | D:1      | Reached XP level 1. HP: 18/18 MP: 1/1
    77 | D:1      | Reached XP level 2. HP: 24/24 MP: 2/2
   507 | D:1      | Reached XP level 3. HP: 26/29 MP: 3/3
   512 | D:1      | Reached skill level 2 in Axes
  1754 | D:2      | Reached XP level 4. HP: 35/35 MP: 4/4
  1760 | D:2      | Reached skill level 1 in Spellcasting
  1863 | D:2      | Noticed Sigmund
  1875 | D:2      | Killed Sigmund
  1875 | D:2      | Reached skill level 3 in Axes
  1875 | D:2      | Reached XP level 5. HP: 17/41 MP: 5/7
  2527 | D:3      | Reached XP level 6. HP: 46/47 MP: 7/9
  2558 | D:3      | Noticed Robin
  3189 | D:3      | Killed Robin
  3248 | D:3      | Reached skill level 4 in Axes
  4199 | D:3      | Found a white marble altar of Elyvilon.
  4502 | D:4      | Reached XP level 7. HP: 49/53 MP: 10/10
  4527 | D:4      | Reached skill level 1 in Dodging
  4630 | D:4      | Found a staircase to the Ecumenical Temple.
  4796 | D:4      | Found a glowing drain.
  4807 | Sewer    | Entered a sewer
  4951 | D:5      | Entered Level 5 of the Dungeon
  5188 | D:5      | Noticed a hippogriff
  5297 | D:5      | Reached skill level 5 in Axes
  5303 | D:5      | Killed from afar by an orc wizard

Skill      XL: |  1  2  3  4  5  6  7 |
---------------+----------------------+-----
Axes           | 2 3 4 5 |  5.0
Spellcasting   | 1 2 3 |  3.0
Armour         | 3 |  3.8
Shields        | 3 |  3.2
Dodging        | 1 |  1.0
Fighting       | |  3.8

Action                   |  1- 3 |  4- 6 |  7- 9 || total
-------------------------+-------+-------+-------++-------
Melee: War axe           |   134 |   267 |    99 ||   500
  Use: Scroll            |       |       |     7 ||     7
Armor: Scale mail        |    58 |     6 |       ||    64
       Chain mail        |       |   176 |    92 ||   268
Dodge: Dodged            |    40 |    78 |    32 ||   150
Block: Shield            |    65 |   153 |    72 ||   290
